Description

?

Replay - 3_rax

Build Order

Get SALT Encoding   

  12  0:00  SCV  
  13  0:12  SCV  
  14  0:18  Supply Depot  
  14  0:24  SCV  
  15  0:40  SCV, Barracks  
  16  0:45  Refinery  
  16  0:52  SCV  
  17  1:04  SCV  
  18  1:16  SCV  
  19  1:28  SCV  
  19  1:32  Barracks Reactor  
  20  1:43  Command Center  
  20  1:48  Orbital Command  
  20  2:12  Supply Depot  
  20  2:14  Marine x2  
  22  2:25  Barracks  
  22  2:31  Barracks  
  22  2:33  Marine x2  
  24  2:45  SCV  
  24  2:46  Engineering Bay  
  25  2:54  Marine x2  
  25  2:57  SCV  
  28  3:04  Orbital Command  
  28  3:12  Terran Infantry Weapons Level 1  
  28  3:14  Barracks Tech Lab  
  28  3:18  Marine x2  
  30  3:23  Barracks Tech Lab  
  32  3:35  Stimpack  
  32  3:42  Marine x2  
  32  3:44  Combat Shield  
  38  3:53  Supply Depot  
  38  4:00  Marauder  
  42  4:07  Supply Depot, Marauder  
  46  4:22  Marauder  
  48  4:28  Marauder  
  48  4:30  Supply Depot  
  52  4:43  Marauder  
  56  4:50  Marauder  
  60  5:04  Marauder  
  60  5:05  Refinery x3  
  72  5:29  Marauder  
  75  6:00  Missile Turret x2  
  75  6:01  Marauder  
  78  6:25  Command Center, Factory  
Spawning Tool Build Advisor. Get it on Overwolf

Analysis

?

Go to:

Details

  • Created by: Ren
  • Published on: Sep 24, 2023
  • Modified on: Sep 24, 2023
  • Patch: 5.0.11
  • Difficulty: Easy
Show
View Real Time Build Order
Export as new Build Order

Comments (1)

On Sept. 24, 2023, 9:42 a.m., Ren  said:

Create an account to comment!